 Dungeon Crawl Stone Soup version 0.31-a0-640-g39d97e502b (webtiles) character file.

Game seed: 8220119018156629417

173 Mickster the Chopper (level 5, -8/70 HPs)
             Began as a Hill Orc Berserker on Aug 28, 2023.
             Was a Believer of Trog.
             Mangled by an orc wizard
             ... wielding a +1 dagger of electrocution
              (20 damage)
             ... on level 4 of the Dungeon.
             The game lasted 00:16:51 (2805 turns).

Mickster the Chopper (Hill Orc Berserker)           Turns: 2805, Time: 00:16:51

Health: -8/70      AC:  9    Str: 22    XL:     5   Next: 53%
Magic:  5/5        EV:  7    Int:  7    God:    Trog [**....]
Gold:   102        SH: 10    Dex: 10    Spells: 4/4 levels left

rFire   . . .        p - +2 spear (heavy)
rCold   . . .        o - +0 tower shield
rNeg    . . .        e - +0 scale mail
rPois   .            l - +0 helmet
rElec   .            d - +0 cloak
rCorr   .            (no gloves)
SInv    .            (no boots)
Will    .....        (no amulet) Stlth
                     (no ring)
HPRegen 0.31/turn    (no ring)
MPRegen 0.09/turn

%: no passive effects
@: berserking, very quick
A: no striking features
a: Renounce Religion, Convert to Beogh, Berserk, Trog's Hand


You were on level 4 of the Dungeon.
You worshipped Trog.
Trog was pleased with you.
You visited 1 branch of the dungeon, and saw 4 of its levels.

You collected 102 gold pieces.

Inventory:

Hand Weapons
 a - a +0 hand axe
 h - a +0 great sword
 n - a +1 dagger of venom
 p - a +2 heavy spear (weapon)
Missiles
 i - 19 stones
 r - 2 atropa-tipped darts (quivered)
Armour
 d - a +0 cloak (worn)
 e - a +0 scale mail (worn)
 l - a +0 helmet (worn)
 o - a +0 tower shield (worn)
Talismans
 q - a serpent talisman
Scrolls
 b - 3 scrolls of noise {unknown}
 m - a scroll of poison
Potions
 c - 2 potions of enlightenment
 f - 2 potions of might
 j - a potion of heal wounds {unknown}
 k - a potion of brilliance {unknown}


   Skills:
 + Level 4.7 Fighting
 - Level 6.0(6.2) Axes
 * Level 1.4(3.5) Polearms
 + Level 3.1 Armour
 + Level 1.9 Dodging


You had 4 spell levels left.
You didn't know any spells.
Your spell library was empty.

Dungeon Overview and Level Annotations

Branches:
Dungeon (4/15)
 Temple: D:4-7

Altars:
Kikubaaqudgha
Uskayaw
Yredelemnul

Shops:
D:3 [[   D:4 [


Message History

The orc wizard points at you and mumbles some strange words.
The magic dart hits you.
The orc priest invokes the aid of Beogh against you.
Beogh smites you!
You barely miss the orc wizard.
The orc wizard hits you with a +1 dagger of electrocution.
An orc comes into view. It is wielding a +0 dagger.
You puncture the orc!
You kill the orc!
Trog accepts your kill.
The orc wizard points at you and mumbles some strange words.
The magic dart hits you but does no damage.
The orc priest shouts, "Join the one true god or die!"
You hit the orc wizard.
The orc wizard is lightly wounded.
The orc wizard hits you but does no damage.
You miss the orc wizard.
The orc wizard is lightly wounded.
You block the orc wizard's attack.
The orc wizard hits you but does no damage.
You are electrocuted!!
* * * LOW HITPOINT WARNING * * *
You completely miss the orc wizard.
The orc wizard is lightly wounded.
The orc wizard hits you with a +1 dagger of electrocution.
* * * LOW HITPOINT WARNING * * *
The orc wizard casts a spell at you. The magic dart hits you.
* * * LOW HITPOINT WARNING * * *
It was a potion of curing.
You feel better.
The orc wizard casts a spell.
The orc wizard flickers and vanishes!
Deactivating autopickup; reactivate with Ctrl-A.
The orc priest looks encouraged for a moment.
The orc priest shouts, "Surrender to Beogh and we'll let you live!"
A red film seems to cover your vision as you go berserk!
You feel yourself moving faster!
You feel mighty! Something hits you.
* * * LOW HITPOINT WARNING * * *
You are electrocuted!!
You die...

#+ #. #.## #.#
####..###.#####
............. .... ....#
#.###.#.#
.#.########)....#.#
....oo{@....#.#.#.######
.#.########.#...........
..#.#>#.######
####.#.#.# # ..#.#.# #
############.#.# #
#..........#.#.# #
#.########.#.#.# # #.#
#.#.#.# #


You could see an orc priest and an orc.

Vanquished Creatures
  Jessica (D:3)
  3 gnolls (D:2)
  3 adders
  A worm (D:3)
  4 dart slugs
  6 orcs
  3 endoplasms
  A giant cockroach (D:1)
  5 goblins
  8 hobgoblins
  4 jackals (D:4)
  9 kobolds
  4 quokkas
  7 ball pythons
  7 bats
  3 frilled lizards (D:1)
  7 rats
76 creatures vanquished.

Notes
Turn   | Place    | Note
-------+----------+-------------------------------------------
     0 | D:1      | Mickster the Hill Orc Berserker began the quest for the
                  | Orb.
     0 | D:1      | Reached XP level 1. HP: 19/19 MP: 1/1
   281 | D:1      | Reached XP level 2. HP: 27/27 MP: 2/2
   438 | D:1      | Reached XP level 3. HP: 28/33 MP: 3/3
   612 | D:1      | Reached ** piety under Trog
   784 | D:2      | Reached skill level 5 in Axes
   786 | D:2      | Reached XP level 4. HP: 41/41 MP: 4/4
  1250 | D:2      | Found a faded altar of an unknown god.
  1301 | D:2      | Found a basalt altar of Yredelemnul.
  1741 | D:3      | Reached skill level 6 in Axes
  1866 | D:3      | Noticed Jessica
  1874 | D:3      | Killed Jessica
  1875 | D:3      | Reached XP level 5. HP: 47/47 MP: 5/5
  1898 | D:3      | Found Orrojael's Armour Shop.
  2009 | D:3      | Reached skill level 1 in Polearms
  2217 | D:3      | Found Aqigeuf's Armour Shop.
  2373 | D:3      | Found a hide-covered altar of Uskayaw.
  2373 | D:3      | Found an ancient bone altar of Kikubaaqudgha.
  2578 | D:4      | Found Ybry's Antique Armour Shop.
  2805 | D:4      | Mangled by an orc wizard

Illustrated notes

Levels and vault maps discovered:
D:1:      dpeg_cavernosity, layout_basic
D:2:      minmay_wonky_spiral, layout_basic, basic_altar,
          dreamdust_ecumenical_altar_grove, serial_glass, glass_columns_c,
          glass_columns_a, due_unseen_surprise, minmay_strange_pillars
D:3:      layout_loops_ring, mainiacjoe_overflow_divided_tiny, serial_shops,
          nicolae_shop_rolling_square, shop, minmay_circle_x, uniq_jessica
D:4:      layout_basic, serial_shops, shop

Skill      XL: |  1  2  3  4  5 |
---------------+----------------+-----
Fighting       | 4 |  4.7
Axes           | 5 6 |  6.0
Armour         | 3 |  3.1
Polearms       | 1 |  1.4
Dodging        | |  1.9

Action                     |  1- 3 |  4- 6 || total
---------------------------+-------+-------++-------
  Melee: Hand axe          |    82 |    83 ||   165
         Punch             |     2 |     1 ||     3
         Spear             |       |    41 ||    41
 Invoke: Berserk           |     1 |     3 ||     4
         Trog's Hand       |       |     2 ||     2
    Use: Scroll            |     2 |     7 ||     9
         Potion            |       |     1 ||     1
 Armour: Scale mail        |    36 |    46 ||    82
         Animal skin       |     2 |       ||     2
  Dodge: Dodged            |    57 |    65 ||   122
  Block: Tower shield      |       |     2 ||     2

Table legend: (Time is in decaauts)
 A = Elapsed time spent in this place.
 B = Non-inter-level travel time spent in this place.
 C = Inter-level travel time spent in this place.
 D = Time resting spent in this place.
 E = Time spent auto-exploring this place.
 F = Levels seen in this place.
 G = Mean time per level.
                   A        B        C        D        E       F      G
               +--------+--------+--------+--------+--------+-----+--------+
         Total |   2866 |   2772 |     94 |    117 |   1474 |   4 |  716.5 |
       Dungeon |   2866 |   2772 |     94 |    117 |   1474 |   4 |  716.5 |
               +--------+--------+--------+--------+--------+-----+--------+

Top non-repeatable levels by time:
     D:2: 927 daAuts
     D:3: 905 daAuts
     D:1: 760 daAuts
     D:4: 273 daAuts
